 Dungeon Crawl Stone Soup version 0.26-a0-501-g57170428f2 (webtiles) character file.

Game seed: 4618917530671600343

63 KristoblXynda the Ducker (level 3, 0/28 HPs)
             Began as a Vampire Gladiator on Aug 7, 2020.
             Slain by a sky beast (6 damage)
             ... on level 2 of the Dungeon.
             The game lasted 00:01:19 (1051 turns).

KristoblXynda the Ducker (Vampire Gladiator)        Turns: 1051, Time: 00:01:19

Health: 0/28       AC:  5    Str: 14    XL:     3   Next: 87%
Magic:  3/3        EV: 13    Int: 10    God:
Gold:   66         SH:  0    Dex: 15    Spells: 2/2 levels left

rFire    . . .     SeeInvis +   a - +0 long sword
rCold    . . .     Faith    .   (no shield)
rNeg     . . .     Spirit   .   b - +0 leather armour
rPois    .         Reflect  .   c - +0 helmet
rElec    .         Harm     .   (no cloak)
rCorr    .                      o - +0 pair of gloves
MR       .....                  (no boots)
Stlth    +.........             (no amulet)
HPRegen  0.29/turn              n - ring of attention (curse)
MPRegen  0.08/turn              (no ring)

@: regenerating quickly
A: fangs 3, see invisible, unbreathing
a: Exsanguinate


You were on level 2 of the Dungeon.
You visited 1 branch of the dungeon, and saw 2 of its levels.

You collected 66 gold pieces.

Inventory:

Hand Weapons
 a - a +0 long sword (weapon)
Missiles
 d - 3 throwing nets (quivered)
Armour
 b - a +0 leather armour (worn)
 c - a +0 helmet (worn)
 o - a +0 pair of gloves (worn)
Jewellery
 n - a cursed ring of attention (left hand)
Scrolls
 e - 3 scrolls of identify {unknown}
 f - 3 scrolls of immolation {unknown}
 g - 2 scrolls of remove curse {unknown}
 i - a scroll of blinking {unknown}
 m - a scroll of random uselessness {unknown}
Potions
 h - a potion of haste {unknown}
 j - a potion of brilliance {unknown}
 k - a potion of stabbing {unknown}
 l - a potion of flight {unknown}


   Skills:
 + Level 2.4 Fighting
 + Level 3.5 Long Blades
 - Level 2.0 Throwing
 + Level 3.9 Dodging
 + Level 1.5 Stealth


You had 2 spell levels left.
You didn't know any spells.
Your spell library was empty.

Dungeon Overview and Level Annotations

Branches:
Dungeon (2/15)

Altars:


Innate Abilities, Weirdness & Mutations

Your natural rate of healing is unusually fast.
You have razor-sharp teeth.
You have supernaturally acute eyesight. (SInv)
You can survive without breathing.


Message History

You barely miss the sky beast.
The sky beast is moderately wounded.
The sky beast hits you but does no damage.
You miss the sky beast. You bite the sky beast.
The sky beast is moderately wounded.
The sky beast hits you but does no damage.
You closely miss the sky beast.
The sky beast is moderately wounded.
The sky beast barely misses you.
You miss the sky beast.
The sky beast is moderately wounded.
The sky beast flickers out of sight for a moment.
The sky beast hits you. The sky beast shocks you.
* * * LOW HITPOINT WARNING * * *
You hit the sky beast but do no damage.
The sky beast is moderately wounded.
The sky beast barely misses you. The sky beast hits you.
* * * LOW HITPOINT WARNING * * *
The sky beast shocks you.
You die...

................................
.............##.................
.............##...........<.....
.............##.................
...#####.....###..<.............
..# ##....##.......#.....#... ..
#...##..####........##..
#####..#####.####.#.....
#..@.....# .. .... #..Y.....#
#.......... #..........
........... ..........#.
...........# ............#


You could see a sky beast (invisible).

Vanquished Creatures
  Natasha (D:2)
  An adder (D:2)
  An ooze (D:1)
  4 bats
  A giant cockroach (D:1)
  2 goblins
  A hobgoblin (D:1)
  4 jackals (D:1)
  2 ball pythons (D:1)
  5 kobolds (D:1)
  4 rats (D:1)
26 creatures vanquished.

Notes
Turn   | Place    | Note
-------+----------+-------------------------------------------
     0 | D:1      | KristoblXynda the Vampire Gladiator began the quest for the
                  | Orb.
     0 | D:1      | Reached XP level 1. HP: 16/16 MP: 1/1
   274 | D:1      | Reached XP level 2. HP: 22/22 MP: 2/2
   932 | D:2      | Found a faded altar of an unknown god.
   941 | D:2      | Reached XP level 3. HP: 23/27 MP: 3/3
   989 | D:2      | Noticed Natasha
   992 | D:2      | Killed Natasha
   992 | D:2      | Reached skill level 1 in Stealth
  1042 | D:2      | Noticed a sky beast
  1051 | D:2      | Slain by a sky beast

Illustrated notes

Levels and vault maps discovered:
D:1:      eino_arrival_druids_welcome, layout_basic
D:2:      layout_rooms, chequers_ecumenical_altar_island, serial_park_tiny_pond,
          nicolae_tso_swordbearing_angel, uniq_natasha

Skill      XL: |  1  2  3 |
---------------+----------+-----
Fighting       | 2 |  2.4
Throwing       | 2 |  2.0
Stealth        | 1 |  1.5
Long Blades    | |  3.5
Dodging        | |  3.9

Action                   || total
-------------------------++-------
Melee: Long sword        ||    75
       Bite              ||     9
 Stab: Sleeping          ||     4
Armor: Leather armour    ||    24
Dodge: Dodged            ||    70
       Rpst.: Long sword ||    19

Table legend: (Time is in decaauts)
 A = Elapsed time spent in this place.
 B = Non-inter-level travel time spent in this place.
 C = Inter-level travel time spent in this place.
 D = Time resting spent in this place.
 E = Time spent auto-exploring this place.
 F = Levels seen in this place.
 G = Mean time per level.
                   A        B        C        D        E       F      G
               +--------+--------+--------+--------+--------+-----+--------+
         Total |   1069 |   1045 |     24 |      0 |    762 |   2 |  534.5 |
       Dungeon |   1069 |   1045 |     24 |      0 |    762 |   2 |  534.5 |
               +--------+--------+--------+--------+--------+-----+--------+

Top non-repeatable levels by time:
     D:1: 922 daAuts
     D:2: 146 daAuts
